 Dungeon Sprint DCSS version 0.29-a0-352-g0917bc69df (webtiles) character file.

Game seed: 15678005888927216400

15 mhtbhm the Chopper (level 2, -2/29 HPs)
             Began as a Minotaur Berserker on Apr 25, 2022.
             Was a Believer of Trog.
             Slain by a river rat (9 damage)
             ... in the Dungeon (Sprint VII: "The Pits").
             The game lasted 00:00:13 (70 turns).

mhtbhm the Chopper (Minotaur Berserker)               Turns: 70, Time: 00:00:14

Health: -2/29      AC:  2    Str: 21    XL:     2   Next: 34%
Magic:  1/1        EV: 12    Int:  4    God:    Trog [**....]
Gold:   0          SH:  0    Dex:  9    Spells: 1/1 levels left

rFire   . . .      SeeInvis .   a - +2 hand axe
rCold   . . .      Faith    .   (no shield)
rNeg    . . .      Spirit   .   b - +0 animal skin
rPois   .          Reflect  .   (helmet restricted)
rElec   .          Harm     .   (no cloak)
rCorr   .          Rampage  .   (no gloves)
Will    .....      NoTele   +   (no boots)
Stlth   +.........              (no amulet)
HPRegen 0.09/turn               (no ring)
MPRegen 0.07/turn               (no ring)

@: no status effects
A: horns 2, retaliatory headbutt
a: Renounce Religion, Berserk, Trog's Hand


You were in the Dungeon.
You worshipped Trog.
Trog was pleased with you.
You visited 1 branch

Inventory:

Hand Weapons
 a - a +2 hand axe (weapon)
Armour
 b - a +0 animal skin (worn)
Scrolls
 h - a scroll of blinking
 j - a scroll of summoning
Potions
 c - a potion of curing
 d - a potion of heal wounds
 e - a potion of haste
 f - 4 potions of magic
 g - 3 potions of berserk rage
 i - 2 potions of invisibility


   Skills:
 + Level 5.1 Fighting
 + Level 5.2 Axes
 + Level 3.0 Armour
 + Level 2.7 Dodging


You had one spell level left.
You didn't know any spells.
Your spell library was empty.

Dungeon Overview and Level Annotations

Branches:
Dungeon (1/1)

Altars:


Innate Abilities, Weirdness & Mutations

You have a pair of horns on your head.
You reflexively headbutt those who attack you in melee.


Message History

You kill the river rat!
Trog accepts your kill.
You can now call upon Trog for regeneration and willpower.
Your Axes skill increases to level 5!
Your Armour skill increases to level 3!
You have reached level 2!
You see here a river rat corpse.
You open the door.
A river rat and an adder zombie come into view.
The adder zombie bites you but does no damage.
You slash the adder zombie!
The adder zombie is heavily damaged.
The adder zombie bites you but does no damage.
You hit the adder zombie.
You headbutt the adder zombie, but do no damage.
The adder zombie is almost destroyed.
The adder zombie closely misses you.
You hit the adder zombie.
You destroy the adder zombie!
Trog accepts your kill.
Your Fighting skill increases to level 5!
You hit the river rat but do no damage. The river rat bites you!
You closely miss the river rat. The river rat bites you.
You barely miss the river rat. The river rat bites you.
You closely miss the river rat. The river rat closely misses you.
You closely miss the river rat. The river rat bites you.
You are too injured to fight recklessly!
You are too injured to fight recklessly!
You are too injured to fight recklessly!
You are too injured to fight recklessly!
You hit the river rat.
The river rat is moderately wounded.
The river rat bites you.
You closely miss the river rat. You headbutt the river rat.
The river rat is heavily wounded.
The river rat bites you.
* * * LOW HITPOINT WARNING * * *
You hit the river rat but do no damage.
The river rat is heavily wounded.
The river rat bites you!
You die...

##########++
##########+##...........
#.?(.')))'.##......#..#.
##########.##...........
#...........'...........
#+#####†#####......#..#.
#.. #†# #...........
#...#.# ####'#####++
#...r@# #.......#
##+#### #.......#
#.......# #...<...#
#.......# #.......#
#.......# #########


You could see a river rat.

Vanquished Creatures
  A river rat (D)
  An adder zombie (D)
  A giant cockroach (D)
  A frilled lizard (D)
4 creatures vanquished.

Notes
Turn   | Place    | Note
-------+----------+-------------------------------------------
     0 | D        | mhtbhm the Minotaur Berserker began the quest for the Orb.
     0 | D        | Reached XP level 1. HP: 19/19 MP: 0/0
    55 | D        | Reached ** piety under Trog
    56 | D        | Reached skill level 5 in Axes
    56 | D        | Reached XP level 2. HP: 28/28 MP: 1/1
    63 | D        | Reached skill level 5 in Fighting
    70 | D        | Slain by a river rat

Illustrated notes

Levels and vault maps discovered:
D:        pitsprint [storerooms_1, entrance_room_1, metal_vault_8, armoury_3,
          mini_pit_1, grid_room_1, main_hall_1, silver_pit, the_coven_3,
          the_vestibule_1, steel_vault_4, golden_pit, hallway_of_sentries,
          crystal_vault_6, iron_vault_1, final_vault]

Skill      XL: |  1  2 |
---------------+-------+-----
Fighting       | 4 5 |  5.1
Axes           | 5 |  5.2
Armour         | 3 |  3.0
Dodging        | |  2.7

Action                   || total
-------------------------++-------
Melee: Hand axe          ||    18
       Headbutt          ||     3
Armor: Animal skin       ||     4
Dodge: Dodged            ||     7

Table legend: (Time is in decaauts)
 A = Elapsed time spent in this place.
 B = Non-inter-level travel time spent in this place.
 C = Inter-level travel time spent in this place.
 D = Time resting spent in this place.
 E = Time spent auto-exploring this place.
 F = Levels seen in this place.
 G = Mean time per level.
                   A        B        C        D        E       F      G
               +--------+--------+--------+--------+--------+-----+--------+
         Total |     70 |     70 |      0 |      0 |      0 |   1 |   70.0 |
       Dungeon |     70 |     70 |      0 |      0 |      0 |   1 |   70.0 |
               +--------+--------+--------+--------+--------+-----+--------+

Top non-repeatable levels by time:
       D: 70 daAuts
